 Dungeon Crawl Stone Soup version 0.19.4 (webtiles) character file.

132 Kiturien the Sneak (level 4, -8/21 HPs)
             Began as a Spriggan Enchanter on Jan 30, 2017.
             Mangled by an orc
             ... wielding a +0 war axe
              (12 damage)
             ... on level 3 of the Dungeon.
             The game lasted 00:10:55 (2563 turns).

Kiturien the Sneak (Spriggan Enchanter)             Turns: 2563, Time: 00:10:56

Health: -8/21      AC:  3    Str:  4    XL:     4   Next: 92%
Magic:  2/18       EV: 19    Int: 16    God:
Gold:   75         SH:  5    Dex: 17    Spells: 2 memorised, 5 levels left

rFire  . . .     SeeInvis +     a - +1 dagger
rCold  . . .     Gourm    .     b - +1 robe
rNeg   . . .     Faith    +     n - +0 buckler
rPois  .         Spirit   .     (helmet restricted)
rElec  .         Reflect  .     (no cloak)
rCorr  .         Harm     .     (gloves unavailable)
MR     .....                    (boots unavailable)
Stlth  +++.......               j - amulet of faith
                                (no ring)
                                f - ring of magical power

@: very slightly contaminated, very quick
A: unfitting armour, see invisible, herbivore 3, speed 3, slow metabolism 2
a: no special abilities


You were on level 3 of the Dungeon.
You were hungry.

You visited 1 branch of the dungeon, and saw 3 of its levels.

You collected 75 gold pieces.

Inventory:

Hand Weapons
 a - a +1 dagger (weapon)
Armour
 b - a +1 robe (worn)
 n - a +0 buckler (worn)
Jewellery
 f - a ring of magical power (left hand)
 j - an amulet of faith (around neck)
Scrolls
 g - a scroll of enchant armour {unknown}
 i - 5 scrolls of remove curse
 m - a scroll of noise {unknown}
 o - 4 scrolls of identify
Potions
 e - 2 potions of might
 k - 2 potions of curing {unknown}
Books
 c - a book of Maledictions

   Spells                             Type                      Level
   a - Corona                         Hexes                        1
   b - Ensorcelled Hibernation        Hexes/Ice                    2
   c - Confuse                        Hexes                        3
   d - Tukima's Dance                 Hexes                        3
   e - Dazzling Spray                 Conjuration/Hexes            3
 l - a book of Misfortune

   Spells                             Type                      Level
   a - Confusing Touch                Hexes                        1
   b - Confuse                        Hexes                        3
   c - Gell's Gravitas                Hexes/Translocation          3
   d - Petrify                        Transmutation/Earth          4
   e - Metabolic Englaciation         Hexes/Ice                    5
   f - Yara's Violent Unravelling     Hexes/Transmutation          5
Comestibles
 d - 3 bread rations
 h - a slice of pizza


   Skills:
 - Level 3.2 Short Blades
 + Level 4.9 Dodging
 - Level 6.0 Stealth
 - Level 2.6 Spellcasting
 - Level 3.6 Hexes


You had 5 spell levels left.
You knew the following spells:

 Your Spells              Type           Power        Failure   Level  Hunger
a - Corona                Hex            ##.....      10%         1    #......
b - Ensorcelled Hibernat  Hex/Ice        #.....       28%         2    ##.....


Dungeon Overview and Level Annotations

Branches:
Dungeon (3/15)

Altars:


Innate Abilities, Weirdness & Mutations

You are very small and have problems with some larger weapons.
You are too small for most types of armour.
You have supernaturally acute eyesight. (SInv)
You are a herbivore.
You cover ground extremely quickly.
You need consume almost no food.


Message History

Confirm with . or Enter, or press ? or * to list all spells.
You don't have enough magic to cast that spell.
Unknown command.
The orc misses you.
You hit the orc.
You kill the orc!
You hit the orc.
The orc is heavily wounded.
You block the orc's attack.
You hit the orc.
The orc is almost dead.
You closely miss the orc.
The orc is almost dead.
The orc hits you with a war axe!
* * * LOW HITPOINT WARNING * * *
You hit the orc but do no damage.
The orc is almost dead.
The orc hits you with a war axe!
Ouch! That really hurt!
You die...

##### ### ##...# #... .....# ...
#
.....#######################.#..#
................@oo.....)........
.#...###############.#####o###..#
.#...# #.# #.# .##### #.# #.# )#
#.#####o# .# #.#oo...# .# #
#.#(####### .###.#### #g#g.o.o...
>.)...... #...g...####


You could see 2 orcs.

Vanquished Creatures
  7 adders
  An ooze (D:1)
  2 worms (D:2)
  A dart slug (D:2)
  A leopard gecko (D:2)
  3 orcs (D:3)
  9 hobgoblins
  5 jackals
  10 bats
  4 frilled lizards
  2 goblins
  7 kobolds
  4 rats
56 creatures vanquished.

Notes
Turn   | Place    | Note
-------+----------+-------------------------------------------
     0 | D:1      | Kiturien the Spriggan Enchanter began the quest for the Orb.
     0 | D:1      | Reached XP level 1. HP: 9/9 MP: 5/5
    85 | D:1      | Reached skill level 5 in Stealth
   267 | D:1      | Reached XP level 2. HP: 8/13 MP: 6/6
   707 | D:1      | Reached skill level 6 in Stealth
  1171 | D:2      | Reached XP level 3. HP: 11/16 MP: 8/8
  1238 | D:1      | Learned a level 2 spell: Ensorcelled Hibernation
  1499 | D:2      | Reached XP level 4. HP: 19/21 MP: 9/9
  2191 | D:3      | Found a faded altar of an unknown god.
  2563 | D:3      | Mangled by an orc

Skill      XL: |  1  2  3  4 |
---------------+-------------+-----
Stealth        | 5 6 |  6.0
Short Blades   | 2 3 |  3.2
Dodging        | 4 |  4.9
Spellcasting   | |  2.6
Hexes          | |  3.6

Action                   |  1- 3 |  4- 6 || total
-------------------------+-------+-------++-------
Melee: Dagger            |   109 |    80 ||   189
 Cast: Ensorcelled Hiber |    11 |    24 ||    35
  Use: Potion            |     2 |     1 ||     3
       Scroll            |       |     2 ||     2
 Stab: Sleeping          |     8 |    16 ||    24
  Eat: Pizza             |       |     1 ||     1
Armor: Robe              |    12 |     5 ||    17
Dodge: Dodged            |   118 |    50 ||   168
Block: Buckler           |       |     3 ||     3
